 Dungeon Crawl Stone Soup version 0.27-a0-1202-ge72e49191c (webtiles) character file.

Game seed: 842431762538831408

392 miscthings the Magician (level 7, 0/45 HPs)
             Began as a Djinni Conjurer on June 5, 2021.
             Slain by Edmund
             ... wielding a +2 flail of draining
              (13 damage)
             ... on level 4 of the Dungeon.
             The game lasted 00:04:13 (2223 turns).

miscthings the Magician (Djinni Conjurer)           Turns: 2223, Time: 00:04:14

Health: 0/45       AC:  4    Str:  6    XL:     7   Next: 8%
Gold:   56         EV: 12    Int: 21    God:
                   SH:  0    Dex: 12

rFire    + + .     SeeInvis .   c - staff of cold
rCold    . . .     Faith    .   (no shield)
rNeg     . . .     Spirit   .   a - +0 robe
rPois    ∞         Reflect  .   (no helmet)
rElec    .         Harm     .   (no cloak)
rCorr    .         Rampage  .   h - +1 pair of gloves
Will     .....                  (boots unavailable)
Stlth    ++........             (no amulet)
HPRegen  0.15/turn              (no ring)
MPRegen  0.00/turn              (no ring)

@: flying
A: sickness immunity, fire resistance 2, cold vulnerability 1, float, innate
caster, hp casting, extra vitality 1
a: no special abilities


You were on level 4 of the Dungeon.
You visited 1 branch of the dungeon, and saw 4 of its levels.

You collected 56 gold pieces.

Inventory:

Armour
 a - a +0 robe (worn)
 f - a +3 scale mail of cold resistance
 h - a +1 pair of gloves (worn)
Magical Staves
 c - a staff of cold (weapon)
Scrolls
 j - a scroll of amnesia {unknown}
Potions
 b - 2 potions of ambrosia
 d - a potion of berserk rage
 e - a potion of attraction
 g - a potion of lignification
 i - a potion of might {unknown}
 k - a potion of magic {unknown}


   Skills:
 - Level 2.1 Dodging
 - Level 1.5 Stealth
 + Level 6.1 Spellcasting


You couldn't memorise any spells.
You knew the following spells:

 Your Spells              Type           Power      Damage    Failure   Level
a - Searing Ray           Conj           64%        3d5       1%          2
b - Magic Dart            Conj           100%       1d8       1%          1
c - Dazzling Flash        Conj/Hex       64%        N/A       2%          3
d - Fulminant Prism       Conj/Hex       16%        3d11      8%          4
e - Iskenderun's Mystic   Conj/Tloc      32%        2d8       8%          4
f - Sting                 Tmut/Pois      100%       1d8       1%          1
g - Poisonous Vapours     Pois/Air       64%        N/A       1%          2
h - Call Imp              Summ           32%        N/A       1%          2
Your spell library was empty.

Dungeon Overview and Level Annotations

Branches:
Dungeon (4/15)
 Temple: D:4-7

Altars:
Xom

Annotations:
D:4 Edmund


Innate Abilities, Weirdness & Mutations

You are immune to sickness and miasma.
You are immune to poison.
Your flesh is very heat resistant. (rF++)
You are vulnerable to cold. (rC-)
You float through the air rather than walking.
You learn spells naturally, not from books.
Your magical power is your life essence.
You have superior vitality. (+4 HP)


Message History

An endoplasm comes into view.
Edmund the Younger comes into view.
He is wielding a +2 flail of draining.
There are monsters nearby!
Aiming: Poisonous Vapours (safe; 1% risk of failure)
Press: ? - help, Q - select action, (/) - cycle Dir - move target, f - endoplasm
Aim: an endoplasm The endoplasm cannot be affected by poisonous vapours!
Casting: Poisonous Vapours (safe; 1% risk of failure)
Confirm with . or Enter, or press ? or * to list all spells.
Aiming: Searing Ray (safe; 1% risk of failure)
Press: ? - help, Shift-Dir - straight line, f/p - endoplasm
Aim: an endoplasm (98% to hit)
The searing ray hits the endoplasm!
You kill the endoplasm!
The searing ray hits Edmund.
Edmund is lightly wounded.
Edmund shouts! (Press . to maintain the ray.)
The searing ray hits Edmund!
Edmund is moderately wounded.
The searing ray misses Edmund.
The searing ray hits Edmund!
Edmund is heavily wounded.
You finish channeling your searing ray.
Edmund hits you with a +2 flail of draining.
Casting: Searing Ray (safe; 1% risk of failure)
Confirm with . or Enter, or press ? or * to list all spells.
Aiming: Searing Ray (safe; 1% risk of failure)
Press: ? - help, Shift-Dir - straight line, f - Edmund
Aim: Edmund, wielding a +2 flail of draining and wearing a +0 leather armour (heavily wounded, 81% to hit)
The searing ray hits Edmund!
Edmund is severely wounded. (Press . to maintain the ray.) Edmund hits you with a +2 flail of draining!
* * * LOW HITPOINT WARNING * * *
The searing ray hits Edmund!
Edmund is almost dead.
* * * LOW HITPOINT WARNING * * *
Edmund hits you with a +2 flail of draining!
You die...

.. .. .# ##. # #..
#+# #.#.# # #.#
#.#†###..# #.#
#..@@....# ##.##
###.####...
##<).## #†#
....>.# #.#
##....##########.#
##.#............#
################


You could see Edmund.

Vanquished Creatures
  Sigmund (D:2)
  A bullfrog (D:4)
  Terence (D:2)
  Robin (D:2)
  4 gnolls (D:2)
  An adder (D:3)
  A worm (D:2)
  A dart slug (D:2)
  An orc (D:2)
  4 endoplasms
  3 giant cockroaches
  16 goblins
  4 hobgoblins
  10 jackals
  2 quokkas
  4 ball pythons
  2 frilled lizards
  2 kobolds (D:1)
  4 rats
63 creatures vanquished.

Vanquished Creatures (others)
  2 fulminant prisms (D:2)
  2 plants (D:3)
4 creatures vanquished.

Grand Total: 67 creatures vanquished

Notes
Turn   | Place    | Note
-------+----------+-------------------------------------------
     0 | D:1      | miscthings the Djinni Conjurer began the quest for the Orb.
     0 | D:1      | Reached XP level 1. HP: 15/15 MP: 0/0
   157 | D:1      | Reached XP level 2. HP: 15/21 MP: 0/0
   544 | D:1      | Reached XP level 3. HP: 20/25 MP: 0/0
   544 | D:1      | Learned a level 1 spell: Sting
   878 | D:2      | Reached skill level 4 in Spellcasting
  1123 | D:2      | Noticed Terence
  1135 | D:2      | Killed Terence
  1136 | D:2      | Reached XP level 4. HP: 10/31 MP: 0/0
  1372 | D:2      | Noticed Sigmund
  1379 | D:2      | Killed Sigmund
  1380 | D:2      | Reached skill level 5 in Spellcasting
  1380 | D:2      | Reached XP level 5. HP: 25/35 MP: 0/0
  1380 | D:2      | Learned a level 2 spell: Poisonous Vapours
  1380 | D:2      | Reached XP level 6. HP: 28/40 MP: 0/0
  1457 | D:2      | Noticed Robin
  1465 | D:2      | Killed Robin
  2069 | D:3      | Found a shimmering altar of Xom.
  2160 | D:3      | Identified the +7 spear "Eddionk" {venom, *Noise rPois
                  | Int+9}
  2160 | D:3      | Identified the +5 ring mail of the Divine Wumpus {Str+2
                  | Stlth+}
  2160 | D:3      | Identified the +1 buckler "Atsinosm" {Dex+3}
  2214 | D:4      | Reached skill level 6 in Spellcasting
  2214 | D:4      | Reached XP level 7. HP: 36/45 MP: 0/0
  2214 | D:4      | Learned a level 2 spell: Call Imp
  2217 | D:4      | Noticed Edmund
  2223 | D:4      | Slain by Edmund

Illustrated notes

Levels and vault maps discovered:
D:1:      lightli_molten_gateway, layout_basic, hangedman_decor_push,
          wad_floor_pattern_untrapped, chequers_mini_garden, st_stairs_8,
          minmay_surrounded
D:2:      layout_basic, uniq_terence, uniq_sigmund, uniq_robin
D:3:      layout_basic, overflow_temple_1_default,
          lemuel_coloured_pillars_altar, lemuel_doored_altar,
          gammafunk_ghost_gnarly_gnolls, serial_undead, serial_undead_c,
          serial_undead_c, serial_undead_b, serial_undead_a
D:4:      layout_loops_corners, marbit_many_paths, fedhas_altar_decomposition,
          uniq_pikel, uniq_edmund, uniq_crazy_yiuf_cottage

Skill      XL: |  1  2  3  4  5  6 |
---------------+-------------------+-----
Spellcasting   | 4 5 6 |  6.1
Dodging        | |  2.1
Stealth        | |  1.5

Action                   |  1- 3 |  4- 6 |  7- 9 || total
-------------------------+-------+-------+-------++-------
Melee: Staff             |       |     4 |       ||     4
 Cast: Magic Dart        |    10 |       |       ||    10
       Searing Ray       |    17 |    14 |     2 ||    33
       Poisonous Vapours |       |    11 |       ||    11
       Fulminant Prism   |       |     2 |       ||     2
  Use: Scroll            |       |     4 |       ||     4
Armor: Robe              |       |     4 |       ||     4
Dodge: Dodged            |     6 |     8 |       ||    14

Table legend: (Time is in decaauts)
 A = Elapsed time spent in this place.
 B = Non-inter-level travel time spent in this place.
 C = Inter-level travel time spent in this place.
 D = Time resting spent in this place.
 E = Time spent auto-exploring this place.
 F = Levels seen in this place.
 G = Mean time per level.
                   A        B        C        D        E       F      G
               +--------+--------+--------+--------+--------+-----+--------+
         Total |   2223 |   2145 |     78 |    681 |   1147 |   4 |  555.8 |
       Dungeon |   2223 |   2145 |     78 |    681 |   1147 |   4 |  555.8 |
               +--------+--------+--------+--------+--------+-----+--------+

Top non-repeatable levels by time:
     D:2: 1164 daAuts
     D:1: 888 daAuts
     D:3: 131 daAuts
     D:4: 39 daAuts
